 Dungeon Crawl Stone Soup version 0.27-a0-333-gfa571bf19a (webtiles) character file.

Game seed: 6470583527567555797

93 kae the Chopper (level 4, -3/40 HPs)
             Began as a Hill Orc Fighter on Feb 12, 2021.
             Killed from afar by Sigmund (5 damage)
             ... with a magic dart
             ... on level 2 of the Dungeon.
             The game lasted 00:01:02 (2306 turns).

kae the Chopper (Hill Orc Fighter)                  Turns: 2306, Time: 00:01:02

Health: -3/40      AC:  8    Str: 19    XL:     4   Next: 61%
Magic:  4/4        EV:  7    Int:  8    God:
Gold:   214        SH:  9    Dex: 10    Spells: 3/3 levels left

rFire    . . .     SeeInvis .   a - +0 war axe
rCold    . . .     Faith    .   c - +0 kite shield
rNeg     . . .     Spirit   .   b - +0 scale mail
rPois    .         Reflect  .   l - +0 helmet
rElec    .         Harm     .   (no cloak)
rCorr    .         Rampage  .   (no gloves)
Will     .....                  (no boots)
Stlth    ..........             (no amulet)
HPRegen  0.13/turn              (no ring)
MPRegen  0.09/turn              (no ring)

@: no status effects
A: no striking features
a: no special abilities


You were on level 2 of the Dungeon.
You visited 1 branch of the dungeon, and saw 2 of its levels.

You collected 214 gold pieces.

Inventory:

Hand Weapons
 a - a +0 war axe (weapon)
Armour
 b - a +0 scale mail (worn)
 c - a +0 kite shield (worn)
 l - a +0 helmet (worn)
Scrolls
 f - 2 scrolls of fear {unknown}
 g - a scroll of identify {unknown}
 h - 3 scrolls of enchant weapon {unknown}
 m - 2 scrolls of teleportation {unknown}
 n - 4 scrolls of fog {unknown}
 p - 2 scrolls of amnesia {unknown}
 q - a scroll of noise {unknown}
Potions
 d - 3 potions of might
 e - 4 potions of degeneration {unknown}
 i - 3 potions of lignification {unknown}
 j - a potion of invisibility {unknown}
 k - a potion of resistance {unknown}
 o - a potion of curing {unknown}


   Skills:
 + Level 4.2 Fighting
 * Level 4.4 Axes
 + Level 3.9 Armour
 + Level 1.2 Dodging
 - Level 3.2 Shields


You had 3 spell levels left.
You didn't know any spells.
Your spell library was empty.

Dungeon Overview and Level Annotations

Branches:
Dungeon (2/15)

Altars:
Gozag

Annotations:
D:2 Sigmund


Message History

Things that are here:
a +0 dagger of protection; a goblin skeleton; a jackal skeleton Sigmund points at you and mumbles some strange words.
The magic dart hits you.
You start resting.
Sigmund is nearby!
Sigmund laughs darkly.
You block Sigmund's attack.
You are too injured to fight recklessly!
You are too injured to fight recklessly!
You are too injured to fight recklessly!
You are too injured to fight recklessly!
You slash Sigmund!
Sigmund is moderately wounded.
Sigmund casts a spell at you. The puff of flame hits you!
You block Sigmund's attack.
You slash Sigmund!
Sigmund is heavily wounded.
Sigmund casts a spell at you. The puff of flame misses you.
You closely miss Sigmund.
Sigmund is heavily wounded.
Sigmund hits you with a +0 scythe.
You barely miss Sigmund.
Sigmund is heavily wounded.
Sigmund hits you with a +0 scythe!
* * * LOW HITPOINT WARNING * * *
You barely miss Sigmund.
Sigmund is heavily wounded.
Sigmund hits you but does no damage.
You hit Sigmund but do no damage.
Sigmund is heavily wounded.
Sigmund casts a spell at you. The magic dart hits you.
* * * LOW HITPOINT WARNING * * *
You closely miss Sigmund.
Sigmund is heavily wounded.
Sigmund points at you and mumbles some strange words.
The magic dart hits you.
You die...

.# #.####### #####)#
#...# #.#.#
#.≈.##### #.P≈....#
#≈≈..##.########
#≈♣♣...........#
#.♣..##.######@###
#.....#.#.....)@.#
##......#.####.#.##
##.##### #.......#
#. #.#..#..#
#.#.##..# ##+##
#.#.##..# ##...##
#.#.......#
##.....###........##


You could see Sigmund.

Vanquished Creatures
  3 adders (D:2)
  An ooze (D:2)
  An adder zombie (D:1)
  2 worms (D:2)
  A leopard gecko (D:2)
  3 giant cockroaches
  7 goblins
  4 hobgoblins
  10 jackals
  A ball python (D:2)
  7 bats
  A giant cockroach zombie (D:1)
  5 kobolds
  6 rats (D:1)
52 creatures vanquished.

Vanquished Creatures (others)
  4 toadstools (D:2)
4 creatures vanquished.

Grand Total: 56 creatures vanquished

Notes
Turn   | Place    | Note
-------+----------+-------------------------------------------
     0 | D:1      | kae the Hill Orc Fighter began the quest for the Orb.
     0 | D:1      | Reached XP level 1. HP: 19/19 MP: 1/1
   191 | D:1      | Reached XP level 2. HP: 27/27 MP: 2/2
   576 | D:1      | Reached XP level 3. HP: 33/33 MP: 3/3
  1154 | D:2      | Found an opulent altar of Gozag.
  1382 | D:2      | Reached skill level 1 in Dodging
  1777 | D:2      | Reached XP level 4. HP: 36/40 MP: 4/4
  2248 | D:2      | Noticed Sigmund
  2305 | D:2      | HP: 2/40 [Sigmund/magic dart (6)]
  2306 | D:2      | Killed from afar by Sigmund

Illustrated notes

Levels and vault maps discovered:
D:1:      saegor_arrival_fortress, layout_loops_corners, st_stairs_1,
          bh_walls_and_bars
D:2:      layout_loops_corners, lemuel_round_altar, serial_bayou_pond_e,
          minmay_gold_behind_fungi, uniq_sigmund

Skill      XL: |  1  2  3 |
---------------+----------+-----
Axes           | 3 4 |  4.4
Fighting       | 4 |  4.2
Dodging        | 1 |  1.2
Armour         | |  3.9
Shields        | |  3.2

Action                   |  1- 3 |  4- 6 || total
-------------------------+-------+-------++-------
Melee: War axe           |   128 |    43 ||   171
Armor: Scale mail        |    77 |    24 ||   101
Dodge: Dodged            |    42 |    16 ||    58
Block: Kite shield       |    82 |    29 ||   111

Table legend: (Time is in decaauts)
 A = Elapsed time spent in this place.
 B = Non-inter-level travel time spent in this place.
 C = Inter-level travel time spent in this place.
 D = Time resting spent in this place.
 E = Time spent auto-exploring this place.
 F = Levels seen in this place.
 G = Mean time per level.
                   A        B        C        D        E       F      G
               +--------+--------+--------+--------+--------+-----+--------+
         Total |   2399 |   2382 |     17 |     14 |   1928 |   2 | 1199.5 |
       Dungeon |   2399 |   2382 |     17 |     14 |   1928 |   2 | 1199.5 |
               +--------+--------+--------+--------+--------+-----+--------+

Top non-repeatable levels by time:
     D:2: 1233 daAuts
     D:1: 1165 daAuts
